 Dungeon Crawl Stone Soup version 0.27-a0-1322-gfdffb62a71 (webtiles) character file.

Game seed: 14715125072064644205

44 funkygono the Firebug (level 3, -7/19 HPs)
             Began as a Gargoyle Fire Elementalist on June 23, 2021.
             Mangled by Terence (9 damage)
             ... on level 1 of the Dungeon.
             The game lasted 00:04:00 (1552 turns).

funkygono the Firebug (Gargoyle Fire Elementalist)  Turns: 1552, Time: 00:04:00

Health: -7/19      AC:  8    Str: 11    XL:     3   Next: 62%
Magic:  2/6        EV: 12    Int: 16    God:
Gold:   58         SH:  0    Dex: 10    Spells: 3/7 levels left

rFire    + . .     SeeInvis .   (no weapon)
rCold    x . .     Faith    .   (no shield)
rNeg     + . .     Spirit   .   a - +0 robe
rPois    ∞         Reflect  .   e - +2 helmet
rElec    +         Harm     .   (no cloak)
rCorr    .         Rampage  .   (no gloves)
Will     .....                  (no boots)
Stlth    ++........             (no amulet)
HPRegen  0.06/turn              b - ring of fire
MPRegen  0.10/turn              (no ring)

@: very slightly contaminated
A: sickness immunity, AC +3, negative energy resistance 1, electricity
resistance, torment resistance 1, petrification resistance
a: no special abilities


You were on level 1 of the Dungeon.
You visited 1 branch of the dungeon, and saw 2 of its levels.

You collected 58 gold pieces.

Inventory:

Hand Weapons
 j - a +0 club
Armour
 a - a +0 robe (worn)
 c - a +2 hat
 e - a +2 helmet (worn)
Jewellery
 b - a ring of fire (left hand)
Scrolls
 d - a scroll of amnesia
Potions
 f - a potion of cancellation {unknown}
 g - a potion of haste {unknown}
 h - a potion of might {unknown}
 i - 2 potions of magic {unknown}


   Skills:
 + Level 0.1 Fighting
 + Level 1.8 Dodging
 - Level 2.1 Stealth
 + Level 2.5 Spellcasting
 + Level 1.4 Conjurations
 + Level 3.7 Fire Magic


You had 3 spell levels left.
You knew the following spells:

 Your Spells              Type           Power      Damage    Failure   Level
a - Foxfire               Conj/Fire      60%        2x1d7     7%          1
b - Conjure Flame         Conj/Fire      15%        6-21      21%         3

Your spell library contained the following spells:

 Spells                   Type           Power      Damage    Failure   Level
 Summon Small Mammal      Summ           8%         N/A       21%         1
 Inner Flame              Hex/Fire       12%        N/A       26%         3
 Call Imp                 Summ           2%         N/A       30%         2
 Call Canine Familiar     Summ           2%         N/A       52%         3
 Summon Guardian Golem    Hex/Summ       2%         N/A       52%         3
 Sticky Flame             Conj/Fire      15%        2d4       54%         4
 Fireball                 Conj/Fire      7%         3d5       88%         5
 Summon Ice Beast         Ice/Summ       2%         N/A       89%         4
 Summon Lightning Spire   Summ/Air       2%         N/A       89%         4


Dungeon Overview and Level Annotations

Branches:
Dungeon (2/15)

Altars:

Annotations:
D:1 Terence
D:2 Robin


Innate Abilities, Weirdness & Mutations

You are immune to sickness and miasma.
Your stone body is resilient. (AC +3)
You are immune to poison.
You resist negative energy. (rN+)
You are resistant to electric shocks. (rElec)
You are resistant to unholy torment.
You are immune to petrification.


Message History

Casting: Foxfire (safe; 7% risk of failure)
Confirm with . or Enter, or press ? or * to list all spells.
You feel a surge of power!
You conjure some foxfire!
The foxfire hits Terence!
Terence is moderately wounded.
The foxfire hits Terence but does no damage.
Terence is moderately wounded.
Terence hits you from afar with a +0 trident.
The foxfire hits Terence.
Terence is heavily wounded.
The foxfire hits Terence but does no damage.
Terence is heavily wounded.
A goblin comes into view. It is wielding a +0 dagger.
Robin of the Strong Arm comes into view.
They are wielding a +0 whip and carrying a wand of flame (27).
There is a stone staircase leading up here.
Unknown command.
Terence screams, "I want your blood!" Terence barely misses you.
You climb upwards.
There is a stone staircase leading down here.
Casting: Foxfire (safe; 7% risk of failure)
Confirm with . or Enter, or press ? or * to list all spells.
You feel a surge of power!
You conjure some foxfire!
Terence hits you with a +0 trident.
Unknown command.
Casting: Foxfire (safe; 7% risk of failure)
Confirm with . or Enter, or press ? or * to list all spells.
You feel a surge of power!
You miscast Foxfire.
You are very lightly contaminated with residual magic.
Nothing appears to happen.
The foxfire hits Terence.
Terence is severely wounded.
The foxfire hits Terence but does no damage.
Terence is severely wounded.
Terence hits you with a +0 trident!
* * * LOW HITPOINT WARNING * * *
Terence hits you but does no damage.
Casting: Foxfire (safe; 7% risk of failure)
Confirm with . or Enter, or press ? or * to list all spells.
You feel a surge of power!
You conjure some foxfire!
Terence hits you from afar with a +0 trident!
You die...

###.#.# #.# #..####. #...#.# #.#
#..# #. #.###.# #.# #..# #. #.#
#.# #.# #######..# #. ###.###.#
#.# #........# #.
#.......#####.###.#####..# #.
#.#.####.....@...........# #^
#.#.# #.####v.########..# #.
#.#.####.####@.# #..# ##
####.#.........v..# #..#
.............##############.#####
###.#.........♣♣.................
# ##.######.#.♣♣..8..8...........
# ###...##.#.♣♣...÷.............
#####.....#.#♣♣♣....÷............
.............♣♣...8..8...........
####.........♣♣............<.....


You could see Terence (ally target).

Vanquished Creatures
  2 adders (D:2)
  4 bats
  An endoplasm (D:1)
  2 hobgoblins (D:1)
  11 jackals
  A kobold (D:1)
  A rat (D:1)
22 creatures vanquished.

Vanquished Creatures (others)
  79 foxfires
  3 plants (D:2)
82 creatures vanquished.

Grand Total: 104 creatures vanquished

Notes
Turn   | Place    | Note
-------+----------+-------------------------------------------
     0 | D:1      | funkygono the Gargoyle Fire Elementalist began the quest
                  | for the Orb.
     0 | D:1      | Reached XP level 1. HP: 10/10 MP: 3/3
   238 | D:1      | Reached XP level 2. HP: 15/15 MP: 3/5
   886 | D:2      | Reached XP level 3. HP: 19/19 MP: 1/6
   890 | D:2      | Learned a level 3 spell: Conjure Flame
  1225 | D:2      | Noticed Terence
  1545 | D:2      | Noticed Robin
  1552 | D:1      | Mangled by Terence

Illustrated notes

Levels and vault maps discovered:
D:1:      giann_forest_graveyard, layout_loops_ring
D:2:      layout_loops_ring, minmay_misc_feat_plants, minmay_between,
          uniq_natasha, uniq_terence, uniq_robin

Action                   || total
-------------------------++-------
Melee: Unarmed           ||     9
 Cast: Foxfire           ||    47
  Use: Scroll            ||     3
Armor: Robe              ||    25
Dodge: Dodged            ||    39

Table legend: (Time is in decaauts)
 A = Elapsed time spent in this place.
 B = Non-inter-level travel time spent in this place.
 C = Inter-level travel time spent in this place.
 D = Time resting spent in this place.
 E = Time spent auto-exploring this place.
 F = Levels seen in this place.
 G = Mean time per level.
                   A        B        C        D        E       F      G
               +--------+--------+--------+--------+--------+-----+--------+
         Total |   1552 |   1430 |    122 |    112 |   1024 |   2 |  776.0 |
       Dungeon |   1552 |   1430 |    122 |    112 |   1024 |   2 |  776.0 |
               +--------+--------+--------+--------+--------+-----+--------+

Top non-repeatable levels by time:
     D:1: 1085 daAuts
     D:2: 467 daAuts
